 Dungeon Crawl Stone Soup version 0.25.1-2-g60ff931df9 (webtiles) character file.

Game seed: 9007473458088420914

29 pokeman the Magician (level 3, 0/20 HPs)
             Began as a Deep Elf Wizard on Oct 30, 2020.
             Slain by a worm (3 damage)
             ... on level 2 of the Dungeon.
             The game lasted 00:01:48 (1119 turns).

pokeman the Magician (Deep Elf Wizard)              Turns: 1119, Time: 00:01:48

Health: 0/20       AC:  2    Str:  4    XL:     3   Next: 1%
Magic:  3/11       EV: 13    Int: 23    God:
Gold:   36         SH:  0    Dex: 13    Spells: 1/12 levels left

rFire    . . .     SeeInvis .   j - +0 dagger (venom)
rCold    . . .     Gourm    .   (no shield)
rNeg     . . .     Faith    .   a - +0 robe
rPois    .         Spirit   .   b - +0 hat
rElec    .         Reflect  .   (no cloak)
rCorr    .         Harm     .   (no gloves)
MR       .....                  (no boots)
Stlth    ++........             (no amulet)
HPRegen  0.06/turn              (no ring)
MPRegen  0.12/turn              (no ring)

@: very slightly contaminated
A: no striking features
a: no special abilities


You were on level 2 of the Dungeon.
You were not hungry.

You visited 1 branch of the dungeon, and saw 2 of its levels.

You collected 36 gold pieces.

Inventory:

Hand Weapons
 j - a +0 dagger of venom (weapon)
Armour
 a - a +0 robe (worn)
 b - a +0 hat (worn)
 g - a +0 kite shield
Scrolls
 e - a scroll of random uselessness {unknown}
 h - a scroll of enchant weapon {unknown}
Potions
 c - a potion of curing {unknown}
 i - a potion of heal wounds {unknown}
Comestibles
 d - a ration
 f - 3 chunks of flesh


   Skills:
 + Level 0.7 Fighting
 + Level 0.7 Armour
 - Level 2.4 Dodging
 - Level 2.4 Stealth
 * Level 5.1 Spellcasting
 + Level 1.7 Conjurations
 - Level 1.1 Summonings
 - Level 1.1 Translocations


You had one spell level left.
You knew the following spells:

 Your Spells              Type           Power        Failure   Level  Hunger
a - Magic Dart            Conj           ##..         4%          1    None
b - Mephitic Cloud        Conj/Pois/Air  #.......     22%         3    ##.....
c - Call Imp              Summ           ##......     9%          2    None
d - Blink                 Tloc           N/A          9%          2    None
e - Conjure Flame         Conj/Fire      #.......     21%         3    ##.....

Your spell library contained the following spells:

 Spells                   Type           Power        Failure   Level  Hunger
 Slow                     Hex            #.......     14%         2    None


Dungeon Overview and Level Annotations

Branches:
Dungeon (2/15)

Altars:


Message History

Some of the chunks of flesh in your inventory have rotted away.
You closely miss the rat. The rat barely misses you.
The worm completely misses you.
You hit the rat but do no damage.
The rat is poisoned.
You kill the rat!
The quokka closely misses you.
You barely miss the quokka. The quokka closely misses you. The worm bites you.
You closely miss the quokka. The quokka bites you.
The quokka completely misses you. The worm completely misses you.
The quokka bites you.
* * * LOW HITPOINT WARNING * * *
You barely miss the quokka. The quokka completely misses you.
You hit the quokka but do no damage.
The quokka is poisoned.
The quokka barely misses you.
You hit the worm.
The worm looks even sicker.
The worm is almost dead.
The quokka bites you.
* * * LOW HITPOINT WARNING * * *
The worm bites you.
You die...

####. .... ..... ...
...... . ..# ......
..###.. .....
#......###.$...
#.......#
##.@...####..
###..rw........
#.......<†.....#
...####.........# ##
#.........#
#.........#
#.........# ........##
#.........#
.........###.........#


You could see a worm (very poisoned) and a quokka (very poisoned).

Vanquished Creatures
  A leopard gecko (D:1)
  5 bats (D:1)
  7 goblins (D:1)
  2 hobgoblins (D:1)
  2 jackals (D:1)
  5 kobolds
  3 rats
25 creatures vanquished.

Notes
Turn   | Place    | Note
-------+----------+-------------------------------------------
     0 | D:1      | pokeman the Deep Elf Wizard began the quest for the Orb.
     0 | D:1      | Reached XP level 1. HP: 10/10 MP: 7/7
   220 | D:1      | Reached XP level 2. HP: 9/15 MP: 4/9
   707 | D:1      | Reached skill level 5 in Spellcasting
  1076 | D:2      | Reached XP level 3. HP: 20/20 MP: 9/11
  1083 | D:1      | Learned a level 3 spell: Mephitic Cloud
  1086 | D:1      | Learned a level 2 spell: Call Imp
  1089 | D:1      | Learned a level 2 spell: Blink
  1093 | D:1      | Learned a level 3 spell: Conjure Flame
  1119 | D:2      | Slain by a worm

Illustrated notes

Levels and vault maps discovered:
D:1:      dpeg_cavernosity, layout_rooms, minmay_nonomino_d4
D:2:      layout_rooms, old_standard_altar, supply_closet_lemuel,
          grunt_ministairs_12, hangedman_feature_mirror

Skill      XL: |  1  2 |
---------------+-------+-----
Spellcasting   | 5 |  5.1
Fighting       | |  0.7
Armour         | |  0.7
Dodging        | |  2.4
Stealth        | |  2.4
Conjurations   | |  1.7
Summonings     | |  1.1
Translocations | |  1.1

Action                   || total
-------------------------++-------
Melee: Unarmed           ||     3
       Dagger            ||     8
 Cast: Magic Dart        ||    48
Armor: Robe              ||     8
Dodge: Dodged            ||    38
